 Dungeon Crawl Stone Soup version 0.31-a0-691-g409c26aa35 (webtiles) character file.

Game seed: 981834592737762

2499 cforsyth the Fighter (level 9, -5/64 HPs)
             Began as a Djinni Chaos Knight on Sept 6, 2023.
             Was a Plaything of Xom.
             Slain by a steam dragon (8 damage)
             ... on level 6 of the Dungeon.
             The game lasted 00:14:12 (7054 turns).

cforsyth the Fighter (Djinni Chaos Knight)          Turns: 7054, Time: 00:14:13

Health: -5/64      AC:  9    Str:  7    XL:     9   Next: 82%
Gold:   441        EV: 13    Int: 22    God:    Xom [*.....] SH:  0 Dex: 21

rFire   + + .        a - +1 falchion (heavy)
rCold   x . .        (no shield)
rNeg    . . .        b - +2 leather armour
rPois   ∞            p - +0 helmet
rElec   .            q - +0 cloak
rCorr   .            (no gloves)
SInv    .            (boots unavailable)
Will    +....        (no amulet)
Stlth   ++           s - +6 ring of intelligence
HPRegen 0.30/turn    k - ring of willpower
MPRegen 0.00/turn

%: infuse magic (-6 HP)
@: flying
A: sickness immunity, fire resistance 2, cold vulnerability 1, float, innate
caster, HP casting, extra vitality 1, iridescent scales 1, agile 2, frail 1,
sense surroundings 1, weak 1, wild magic 1
a: Renounce Religion


You were on level 6 of the Dungeon.
You worshipped Xom.
You were a special plaything of Xom.
You visited 2 branches of the dungeon, and saw 8 of its levels.

You collected 441 gold pieces.

Inventory:

Hand Weapons
 a - a +1 heavy falchion (weapon)
Missiles
 c - 3 datura-tipped darts
Armour
 b - a +2 leather armour (worn)
 i - a +2 ring mail of poison resistance
 o - a +0 buckler
 p - a +0 helmet (worn)
 q - a +0 cloak (worn)
Jewellery
 j - a +6 ring of dexterity
 k - a ring of willpower (right hand)
 s - a +6 ring of intelligence (left hand)
Wands
 h - a wand of roots (16)
 m - a wand of polymorph (3)
 v - a wand of digging (5)
Scrolls
 d - a scroll of vulnerability
 f - a scroll of amnesia
 l - a scroll of enchant weapon
 n - a scroll of brand weapon
 t - a scroll of butterflies
 w - 2 scrolls of identify
Potions
 e - a potion of brilliance {unknown}
 g - a potion of resistance
 r - a potion of invisibility {unknown}
 u - a potion of berserk rage {unknown}
 x - a potion of attraction {unknown}
 z - 2 potions of curing


   Skills:
 + Level 9.2 Fighting
 - Level 3.3 Long Blades
 - Level 2.2 Armour
 - Level 3.2 Dodging
 + Level 6.0 Spellcasting
 + Level 6.0 Conjurations
 + Level 6.0 Hexes
   Level 0.0 Charms
 + Level 6.0 Summonings
 + Level 6.0 Necromancy
 + Level 6.0 Translocations
 + Level 6.0 Transmutations
 + Level 6.0 Fire Magic
 + Level 6.0 Ice Magic
 + Level 6.0 Air Magic
 + Level 6.0 Earth Magic
 + Level 6.0 Poison Magic


You knew the following spells:

 Your Spells              Type           Power      Damage    Failure   Level
a - Shock                 Conj/Air       100%       1d9       2%          1
b - Lesser Beckoning      Tloc           86%        N/A       3%          2
c - Hailstorm             Conj/Ice       43%        3d10      5%          3
d - Sticky Flame          Conj/Fire      43%        2d6       16%         4
Your spell library was empty.

Dungeon Overview and Level Annotations

Branches:
Dungeon (7/15)             Temple (1/1) D:5

Altars:
Ashenzari
Cheibriados
Dithmenos
Elyvilon
Fedhas
Hepliaklqana
Nemelex Xobeh
Qazlal
Ru
Uskayaw
Xom
Yredelemnul
Zin
The Shining One

Annotations:
D:4 2 transporters, hgbash's ghost, amateur BaFi


Innate Abilities, Weirdness & Mutations

You are immune to sickness and miasma.
You are immune to poison.
Your flesh is very heat resistant. (rF++)
You are vulnerable to cold. (rC-)
You float through the air rather than walking.
You learn spells naturally, not from books.
Your magical power is your life essence.
You have superior vitality. (+4 MHP)
You are partially covered in iridescent scales. (AC +2)
You are very agile. (Dex +8, Str/Int -2)
You are frail. (-10% HP)
You passively map a small area around you.
You are weak. (Str -2)
Your spells are a little harder to cast, but a little more powerful.


Message History

A cannonade of hail descends around you!
The hail pelts the steam dragon!
The steam dragon is almost dead.
The howler monkey hits you. The steam dragon breathes steam at you.
The ball of steam hits you. You resist.
Casting: Hailstorm (dangerous; 5% risk of failure)
Confirm with . or Enter, or press ? or * to list all spells.
Casting: Hailstorm (dangerous; 5% risk of failure)
Press: ? - help, Dir - look around, f - activate A cannonade of hail descends around you!
The hail misses the steam dragon.
* * * LOW HITPOINT WARNING * * *
The howler monkey hits you but does no damage.
A magic dart appears from out of thin air!
The magic dart hits you!
* * * LOW HITPOINT WARNING * * *
The howler monkey hits you but does no damage.
There is a stone staircase leading up here.
You hit the steam dragon but do no damage.
The steam dragon is almost dead.
Xom makes a sudden noise!
You hear a hideous shriek!
The steam dragon misses you. The steam dragon barely misses you. x2
The steam dragon misses you.
The howler monkey is engulfed in a cloud of scalding steam.
The steam dragon breathes steam at you. The ball of steam hits you. You resist.
* * * LOW HITPOINT WARNING * * *
You fly upwards.
Reactivating autopickup.
There is a stone staircase leading down here.
You hit the steam dragon but do no damage.
The steam dragon is almost dead.
The steam dragon bites you.
* * * LOW HITPOINT WARNING * * *
The steam dragon barely misses you. x2; The steam dragon closely misses you.
You closely miss the steam dragon.
The steam dragon is almost dead.
The steam dragon bites you!
You die...

##...###.# #.##......+...
####.....# #.##......####
#........## ###.........#
#.........# #......o....#
#.........###.##........#
#.........#...#######z###
#...........### #.# #.........#.#
#.# ##.......)#@##### #.######
#........'.D...# ##)......
#........#.###.# #.......#
#........#.# #.# #.......# #
#....[...#.########.......# #
#........####..[..###.....#
#######........##.......o.##....#
..).).[).....=.#...........#.....
..###.<######'##.○...F...z.##....


You could see a steam dragon.

Vanquished Creatures
  Jeremiah (D:6)
  A troll (D:6)
  2 water moccasins (D:6)
  A sky beast (Temple)
  2 black bears
  An orc warrior (D:7)
  2 ogres (D:5)
  A wolf (Temple)
  3 phantoms
  2 bullfrogs
  2 scorpions
  A howler monkey (D:7)
  4 orc priests
  3 hounds
  A jelly (D:6)
  4 iguanas
  4 orc wizards
  Robin (D:4)
  2 gnolls (Temple)
  5 adders
  A shadow imp (D:5)
  A worm (D:3)
  A dart slug (D:1)
  28 orcs
  2 ball pythons (D:1)
  6 endoplasms
  4 giant cockroaches
  15 goblins
  10 hobgoblins
  5 jackals (D:4)
  5 quokkas
  3 bats
  3 frilled lizards (D:1)
  9 kobolds
  6 rats
142 creatures vanquished.

Notes
Turn   | Place    | Note
-------+----------+-------------------------------------------
     0 | D:1      | cforsyth the Djinni Chaos Knight began the quest for the
                  | Orb.
     0 | D:1      | Reached XP level 1. HP: 20/20 MP: 0/0
   104 | D:1      | Reached XP level 2. HP: 25/25 MP: 0/0
   187 | D:1      | XOM: silly message
   685 | D:1      | XOM: potion effect (haste)
   690 | D:1      | Reached XP level 3. HP: 30/30 MP: 0/0
   690 | D:1      | Learned a level 1 spell: Shock
   695 | D:1      | XOM: give mutation
   695 | D:1      | Gained mutation: You are agile. (Dex +4, Str/Int -1) [Xom's
                  | mischief]
  1048 | D:2      | XOM: chaos cloud
  1097 | D:2      | XOM: summons 2 hostile demons
  1333 | D:3      | Reached XP level 4. HP: 35/35 MP: 0/0
  1363 | D:3      | XOM: 1-stop teleportation journey
  1428 | D:3      | XOM: noise
  1506 | D:3      | Reached XP level 5. HP: 34/41 MP: 0/0
  1506 | D:3      | Learned a level 2 spell: Lesser Beckoning
  2332 | D:4      | XOM: smoke on damage
  2336 | D:4      | XOM: repel stairs
  2435 | D:4      | Reached skill level 4 in Fighting
  2509 | D:4      | Noticed a phantom
  2516 | D:4      | XOM: 2-stop teleportation journey
  2533 | D:4      | Noticed Robin
  2536 | D:4      | XOM: potion effect (heal wounds)
  2602 | D:4      | Reached skill level 1 in Spellcasting
  2602 | D:4      | Reached skill level 1 in Conjurations
  2602 | D:4      | Reached skill level 1 in Hexes
  2602 | D:4      | Reached skill level 1 in Summonings
  2602 | D:4      | Reached skill level 1 in Necromancy
  2602 | D:4      | Reached skill level 1 in Translocations
  2602 | D:4      | Reached skill level 1 in Transmutations
  2602 | D:4      | Reached skill level 1 in Fire Magic
  2602 | D:4      | Reached skill level 1 in Ice Magic
  2602 | D:4      | Reached skill level 1 in Air Magic
  2602 | D:4      | Reached skill level 1 in Earth Magic
  2602 | D:4      | Reached skill level 1 in Poison Magic
  2637 | D:4      | XOM: enchant monster (bad)
  2679 | D:4      | Reached XP level 6. HP: 41/48 MP: 0/0
  2707 | D:4      | XOM: swap monsters
  2708 | D:4      | Killed Robin
  2987 | D:4      | XOM: give mutation
  2987 | D:4      | Gained mutation: You passively map a small area around you.
                  | [Xom's mischief]
  3031 | D:4      | XOM: potion effect (might)
  3107 | D:4      | Found a transporter.
  3170 | D:4      | Noticed hgbash's ghost (amateur BaFi)
  3171 | D:4      | Found a transporter.
  3434 | D:5      | Entered Level 5 of the Dungeon
  3440 | D:5      | You are sucked into a shaft and drop 1 floor!
  3516 | D:6      | Reached skill level 5 in Fighting
  3516 | D:6      | Reached XP level 7. HP: 50/54 MP: 0/0
  3516 | D:6      | Learned a level 3 spell: Hailstorm
  3559 | D:5      | XOM: give mutations
  3559 | D:5      | Gained mutation: You are very agile. (Dex +8, Str/Int -2)
                  | [Xom's mischief]
  3559 | D:5      | Gained mutation: You are dopey. (Int -2) [Xom's mischief]
  3559 | D:5      | Gained mutation: You are weak. (Str -2) [Xom's mischief]
  3575 | D:5      | XOM: smoke on damage
  3590 | D:6      | XOM: repel stairs
  3811 | D:6      | XOM: confusion
  3814 | D:6      | XOM: smoke on damage
  3816 | D:6      | XOM: butterfly on damage
  3818 | D:6      | XOM: enchant monster (bad)
  3908 | D:5      | XOM: swap monsters
  3919 | D:5      | XOM: blink monster(s)
  3933 | D:5      | Found a staircase to the Ecumenical Temple.
  3941 | Temple   | Entered the Ecumenical Temple
  3942 | Temple   | XOM: polymorph orc -> gnoll
  3969 | D:5      | XOM: polymorph hound -> wolf
  3972 | Temple   | XOM: noise
  3988 | Temple   | XOM: smoke on damage
  4132 | Temple   | Reached skill level 6 in Fighting
  4132 | Temple   | Reached XP level 8. HP: 52/61 MP: 0/0
  4491 | D:5      | XOM: silly message
  4661 | D:5      | XOM: give mutations
  4661 | D:5      | Gained mutation: Your spells are a little harder to cast,
                  | but a little more powerful. [Xom's mischief]
  4661 | D:5      | Gained mutation: You are partially covered in iridescent
                  | scales. (AC +2) [Xom's mischief]
  4767 | D:6      | XOM: smoke on damage
  4804 | D:5      | XOM: chaos upgrade
  4805 | D:5      | XOM: blink monster(s)
  4807 | D:5      | Reached skill level 7 in Fighting
  4809 | D:5      | HP: 3/64 [ogre/+3 giant club of chaos (18)]
  4823 | D:5      | XOM: give mutation
  4823 | D:5      | Lost mutation: You are dopey. (Int -2) [Xom's mischief]
  4980 | D:4      | XOM: give mutations
  4980 | D:4      | Gained mutation: You are frail. (-10% HP) [Xom's mischief]
  4980 | D:4      | Gained mutation: Potions are less effective at restoring
                  | your health. [Xom's mischief]
  4980 | D:4      | Lost mutation: Potions are less effective at restoring your
                  | health. [Xom's mischief]
  4984 | D:5      | XOM: enchant monster (bad)
  5012 | D:4      | XOM: stat loss: -1 Str (6/7)
  5039 | D:4      | XOM: god gift: 3 datura-tipped darts
  5361 | D:6      | XOM: cast spell 'Alistair's Intoxication'
  5367 | D:6      | XOM: silly message
  5370 | D:6      | XOM: silly message
  5374 | D:5      | XOM: divination: detect items
  5376 | D:5      | XOM: confuse monster(s)
  5503 | D:5      | XOM: cloud trail
  5560 | D:6      | Reached XP level 9. HP: 56/62 MP: 0/0
  5560 | D:6      | Learned a level 4 spell: Sticky Flame
  5698 | D:6      | Noticed a troll
  5712 | D:6      | Killed a troll
  5713 | D:6      | Reached skill level 8 in Fighting
  5713 | D:6      | Reached skill level 5 in Spellcasting
  5713 | D:6      | Reached skill level 5 in Conjurations
  5713 | D:6      | Reached skill level 5 in Hexes
  5713 | D:6      | Reached skill level 5 in Summonings
  5713 | D:6      | Reached skill level 5 in Necromancy
  5713 | D:6      | Reached skill level 5 in Translocations
  5713 | D:6      | Reached skill level 5 in Transmutations
  5713 | D:6      | Reached skill level 5 in Fire Magic
  5713 | D:6      | Reached skill level 5 in Ice Magic
  5713 | D:6      | Reached skill level 5 in Air Magic
  5713 | D:6      | Reached skill level 5 in Earth Magic
  5713 | D:6      | Reached skill level 5 in Poison Magic
  5809 | D:6      | Noticed Jeremiah
  5827 | D:6      | XOM: cast spell 'Disjunction'
  5839 | D:6      | XOM: summons 3 hostile shadow creatures
  5857 | D:6      | XOM: noise
  5874 | D:6      | XOM: silly message
  5999 | D:6      | Killed Jeremiah
  6181 | D:6      | XOM: draining
  6328 | D:6      | XOM: summons 4 hostile demons
  6781 | D:6      | Reached skill level 9 in Fighting
  7038 | D:7      | XOM: noise
  7050 | D:7      | XOM: noise
  7053 | D:6      | HP: 2/64 [steam dragon (5)]
  7054 | D:6      | Slain by a steam dragon

Illustrated notes

Levels and vault maps discovered:
D:1:      dpeg_arrival_windows_large_door, layout_loops_ring,
          minmay_misc_feat_more_columns, minmay_unequal
D:2:      layout_rooms
D:3:      layout_loops_corners
D:4:      kennysheep_goblin_castle, layout_loops_ring, gammafunk_ghost_mausoleum
D:5:      layout_loops_cross, minmay_temple_entry_large_hall,
          grunt_decor_mini_mirrors
D:6:      layout_basic, minmay_misc_feat_cross, grunt_potential, uniq_jeremiah
D:7:      layout_loops_ring, kennysheep_mini_moat, enter_ossuary_2,
          corexii_corridor_pit, nrook_campfire, serial_park_tiny_2,
          skrybe_limestone_x
Temple:   lightli_temple_of_artemis

Skill      XL: |  1  2  3  4  5  6  7  8  9 |
---------------+----------------------------+-----
Long Blades    | 3 |  3.3
Armour         | 2 |  2.2
Dodging        | 3 |  3.2
Fighting       | 4 5 6 7 9 |  9.2
Spellcasting   | 1 2 3 4 6 |  6.0
Conjurations   | 1 2 3 4 6 |  6.0
Hexes          | 1 2 3 4 6 |  6.0
Summonings     | 1 2 3 4 6 |  6.0
Necromancy     | 1 2 3 4 6 |  6.0
Translocations | 1 2 3 4 6 |  6.0
Transmutations | 1 2 3 4 6 |  6.0
Fire Magic     | 1 2 3 4 6 |  6.0
Ice Magic      | 1 2 3 4 6 |  6.0
Air Magic      | 1 2 3 4 6 |  6.0
Earth Magic    | 1 2 3 4 6 |  6.0
Poison Magic   | 1 2 3 4 6 |  6.0

Action                     |  1- 3 |  4- 6 |  7- 9 || total
---------------------------+-------+-------+-------++-------
  Melee: Falchion          |    79 |   167 |   145 ||   391
         Punch             |     2 |     2 |     2 ||     6
   Cast: Shock             |       |       |    34 ||    34
         Hailstorm         |       |       |    12 ||    12
  Evoke: Wand              |       |       |     5 ||     5
    Use: Scroll            |       |     5 |     5 ||    10
         Potion            |       |       |     4 ||     4
   Stab: Paralysed         |     2 |       |       ||     2
         Sleeping          |     1 |     1 |       ||     2
         Petrified         |       |       |     2 ||     2
         Distracted        |       |       |     1 ||     1
 Armour: Leather armour    |    24 |       |   137 ||   161
         Ring mail         |    20 |   120 |   121 ||   261
  Dodge: Dodged            |    61 |   168 |   229 ||   458

Table legend: (Time is in decaauts)
 A = Elapsed time spent in this place.
 B = Non-inter-level travel time spent in this place.
 C = Inter-level travel time spent in this place.
 D = Time resting spent in this place.
 E = Time spent auto-exploring this place.
 F = Levels seen in this place.
 G = Mean time per level.
                   A        B        C        D        E       F      G
               +--------+--------+--------+--------+--------+-----+--------+
         Total |   7156 |   6869 |    287 |   1131 |   4284 |   8 |  894.5 |
       Dungeon |   6927 |   6640 |    287 |    958 |   4284 |   7 |  989.6 |
        Temple |    228 |    228 |      0 |    173 |      0 |   1 |  228.0 |
               +--------+--------+--------+--------+--------+-----+--------+

Top non-repeatable levels by time:
     D:6: 1902 daAuts
     D:5: 1347 daAuts
     D:4: 1321 daAuts
     D:3: 1046 daAuts
     D:1: 873 daAuts
     D:2: 405 daAuts
  Temple: 228 daAuts
     D:7: 31 daAuts
